 Dungeon Crawl Stone Soup version 0.23.2-33-g5129a83184 (webtiles) character file.

Game seed: 10104286484297036793

1925 Revguard the Cudgeler (level 8, 0/118 HPs)
             Began as a Troll Berserker on July 20, 2019.
             Was a Priest of Trog.
             Slain by a centaur (1 damage)
             ... on level 6 of the Dungeon.
             The game lasted 00:11:21 (4291 turns).

Revguard the Cudgeler (Troll Berserker)             Turns: 4291, Time: 00:11:22

Health: 0/118      AC:  7    Str: 31    XL:     8   Next: 96%
Magic:  7/7        EV: 11    Int:  4    God:    Trog [***...]
Gold:   332        SH:  0    Dex: 10    Spells: 7/7 levels left

rFire    . . .     SeeInvis .   s - +2 flail (drain)
rCold    . . .     Gourm    +   (no shield)
rNeg     . . .     Faith    .   b - +0 animal skin
rPois    .         Spirit   .   (helmet restricted)
rElec    .         Reflect  .   k - +0 cloak
rCorr    .         Harm     .   (gloves unavailable)
MR       ++...                  (boots unavailable)
Stlth    ..........             (no amulet)
HPRegen  1.69/turn              (no ring)
MPRegen  0.10/turn              (no ring)

@: berserking, regenerating, very quick
A: large, unfitting armour, claws 3, fast metabolism 3, gourmand, regeneration
1, shaggy fur 1, tough skin 3
a: Berserk, Trog's Hand, Renounce Religion


You were on level 6 of the Dungeon.
You worshipped Trog.
Trog was most pleased with you.
You were hungry.

You visited 1 branch of the dungeon, and saw 6 of its levels.

You collected 332 gold pieces.

Inventory:

Hand Weapons
 s - a +2 flail of draining (weapon)
Missiles
 l - a large rock (quivered)
 m - 7 tomahawks
Armour
 b - a +0 animal skin (worn)
 k - a +0 cloak (worn)
Wands
 t - a wand of enslavement (8)
 u - a wand of iceblast (8)
Scrolls
 a - a scroll of fog
 d - 4 scrolls of teleportation
 e - 2 scrolls of fear {unknown}
 f - 6 scrolls of identify
 g - a scroll of blinking {unknown}
 n - 3 scrolls of remove curse
 o - a scroll of magic mapping {unknown}
 p - a scroll of amnesia {unknown}
 q - a scroll of immolation {unknown}
 r - a scroll of enchant armour {unknown}
Potions
 h - 2 potions of resistance
 j - a potion of haste
 v - a potion of mutation {unknown}
Comestibles
 c - 7 rations


   Skills:
 + Level 4.9 Fighting
 + Level 7.7 Maces & Flails
 * Level 3.9 Throwing
 + Level 5.0 Dodging


You had 7 spell levels left.
You didn't know any spells.
Your spell library was empty.

Dungeon Overview and Level Annotations

Branches:
Dungeon (6/15)
 Temple: D:4-7

Altars:
Kikubaaqudgha

Shops:
D:5 :


Innate Abilities, Weirdness & Mutations

You are too large for most types of armour.
You have claws for hands.
Your metabolism is lightning-fast.
You like to eat raw meat.
Your natural rate of healing is unusually fast.
You are covered in fur. (AC +1)
You have extremely tough skin. (AC +3)


Message History

The centaur hits you.
The orc warrior hits you with a +0 mace!
* * * LOW HITPOINT WARNING * * *
The orc hits you but does no damage. The orc closely misses you.
The centaur barely misses you.
You hit the orc warrior but do no damage.
The orc warrior is heavily wounded.
The centaur hits you but does no damage.
The orc warrior hits you with a +0 mace!
* * * LOW HITPOINT WARNING * * *
You are too berserk!
You sock the orc warrior!
You kill the orc warrior!
Trog accepts your kill.
Your Dodging skill increases to level 5!
The orc barely misses you.
The orc hits you with a +0 whip of electrocution!
* * * LOW HITPOINT WARNING * * *
The centaur hits you.
You die...

.. +### ... #####
...##.
...##...##...(.(
.......@o....(.
......o)c......
..##...........
##+####...(....##.
#....%.........#
#.......)......+
#....##...###+##
#.... ##'###...#
####### #........#


You could see a centaur and 2 orcs.

Vanquished Creatures
  The ghost of Cykl0x the Shield-Bearer, a novice FoFi of Makhleb (D:4)
  Edmund (D:6)
  A water moccasin (D:4)
  An orc warrior (D:6)
  A phantom (D:4)
  An ogre (D:4)
  A centaur (D:5)
  2 bullfrogs
  2 scorpions
  6 killer bees (D:4)
  A crimson imp (D:5)
  A centaur skeleton (D:4)
  2 hounds (D:4)
  Crazy Yiuf (D:4)
  3 orc priests
  A bullfrog skeleton (D:6)
  Natasha (thrice) (D:2)
  2 worker ants
  9 adders
  A shadow imp (D:5)
  An ooze (D:5)
  2 worms (D:4)
  2 dart slugs
  A leopard gecko (D:4)
  10 orcs
  4 bats
  A giant cockroach (D:3)
  10 goblins
  6 hobgoblins
  14 jackals
  5 kobolds
  5 quokkas
  6 frilled lizards
  10 rats
118 creatures vanquished.

Notes
Turn   | Place    | Note
-------+----------+-------------------------------------------
     0 | D:1      | Revguard the Troll Berserker began the quest for the Orb.
     0 | D:1      | Reached XP level 1. HP: 22/22 MP: 0/0
    93 | D:1      | Reached XP level 2. HP: 27/29 MP: 1/1
   198 | D:1      | Reached skill level 3 in Maces & Flails
  1147 | D:2      | Reached XP level 3. HP: 35/36 MP: 2/2
  1277 | D:2      | Reached ** piety under Trog
  1353 | D:2      | Reached XP level 4. HP: 41/44 MP: 3/3
  1529 | D:2      | Reached skill level 4 in Maces & Flails
  1533 | D:2      | Noticed Natasha
  1544 | D:2      | Killed Natasha
  1637 | D:2      | Reached XP level 5. HP: 52/53 MP: 4/4
  1657 | D:2      | Noticed Natasha
  1667 | D:2      | Killed Natasha
  1771 | D:2      | Noticed Natasha
  1775 | D:2      | Killed Natasha
  2427 | D:4      | Reached XP level 6. HP: 61/61 MP: 5/5
  2552 | D:4      | Noticed a water moccasin
  2560 | D:4      | Reached skill level 5 in Maces & Flails
  2560 | D:4      | Reached skill level 1 in Throwing
  2600 | D:4      | Reached XP level 7. HP: 42/68 MP: 6/6
  2710 | D:4      | Reached skill level 6 in Maces & Flails
  2846 | D:4      | Reached *** piety under Trog
  2907 | D:4      | Found a runed translucent gate.
  2907 | D:4      | Found a runed translucent gate.
  2907 | D:4      | Found a runed translucent gate.
  2919 | D:4      | Noticed Cykl0x's ghost (novice FoFi)
  2939 | D:4      | Killed Cykl0x's ghost
  2939 | D:4      | Reached XP level 8. HP: 79/79 MP: 7/7
  3307 | D:4      | Found a runed translucent door.
  3308 | D:4      | Noticed Crazy Yiuf
  3317 | D:4      | Killed Crazy Yiuf
  3389 | D:5      | Entered Level 5 of the Dungeon
  3590 | D:5      | Reached skill level 7 in Maces & Flails
  3691 | D:5      | Found Tuloimih's Book Shop.
  3914 | D:5      | Found an ancient bone altar of Kikubaaqudgha.
  4259 | D:6      | Noticed Edmund
  4270 | D:6      | Killed Edmund
  4291 | D:6      | Reached skill level 5 in Dodging
  4291 | D:6      | HP: 1/118 [orc/+0 whip of electrocution (7)]
  4291 | D:6      | Slain by a centaur

Skill      XL: |  1  2  3  4  5  6  7  8 |
---------------+-------------------------+-----
Maces & Flails | 3 4 5 6 7 |  7.7
Fighting       | 3 4 |  4.9
Dodging        | 3 4 5 |  5.0
Throwing       | 1 2 3 |  3.9

Action                   |  1- 3 |  4- 6 |  7- 9 || total
-------------------------+-------+-------+-------++-------
Melee: Mace              |    93 |    85 |       ||   178
       Flail             |       |    47 |   133 ||   180
       Giant club        |       |       |    12 ||    12
Throw: Tomahawk          |       |    10 |       ||    10
       Large rock        |       |       |    14 ||    14
Invok: Berserk           |       |     4 |     5 ||     9
       Trog's Hand       |       |     3 |     5 ||     8
  Use: Scroll            |     5 |       |       ||     5
       Potion            |       |     3 |     1 ||     4
 Stab: Sleeping          |       |     1 |       ||     1
       Invisible         |       |     3 |     2 ||     5
  Eat: Chunk             |    18 |    15 |    15 ||    48
Armor: Animal skin       |    49 |    47 |    52 ||   148
Dodge: Dodged            |    56 |   111 |   114 ||   281
